 Dungeon Crawl Stone Soup version 0.28-a0-95-g65e1ffefe4 (webtiles) character file.

Game seed: 10241160884622843343

16786 Blejac999 the Thaumaturge (level 12, -24/78 HPs)
             Began as a Djinni Conjurer on Aug 7, 2021.
             Was a High Priest of Makhleb.
             Annihilated by a boulder beetle (42 damage)
             ... on level 12 of the Dungeon.
             The game lasted 00:38:08 (17494 turns).

Blejac999 the Thaumaturge (Djinni Conjurer)        Turns: 17494, Time: 00:38:09

Health: -24/78     AC: 13    Str:  6    XL:     12   Next: 74%
Gold:   638        EV: 14    Int: 32    God:    Makhleb [*****.] SH:  0 Dex: 13

rFire   + + .      SeeInvis .   (no weapon)
rCold   x . .      Faith    +   (no shield)
rNeg    . . .      Spirit   .   g - +0 leather armour
rPois   ∞          Reflect  .   (no helmet)
rElec   .          Harm     +   c - +1 cloak
rCorr   +          Rampage  .   a - +2 pair of gloves of the Lich-sworn {Harm Drain rCorr Int+6}
Will    ++...      Clarity  +   (boots unavailable)
Stlth   +++.......              q - amulet of faith
HPRegen 0.23/turn               n - +4 ring of protection
MPRegen 0.00/turn               D - ring of willpower

@: flying
A: sickness immunity, fire resistance 2, cold vulnerability 1, float, innate
caster, hp casting, extra vitality 1, claws 1, agile 1, clarity
a: Renounce Religion, Minor Destruction, Lesser Servant of Makhleb, Major
Destruction, Greater Servant of Makhleb


You were on level 12 of the Dungeon.
You worshipped Makhleb.
Makhleb was extremely pleased with you.
You visited 4 branches of the dungeon, and saw 16 of its levels.
You also visited: Ossuary.

You collected 1136 gold pieces.
You spent 498 gold pieces at shops.

Inventory:

Hand Weapons
 o - the +10 mace of Exquisite Torment {drain, rC- rN+ Will++}
   (You found it on level 6 of the Dungeon)

   A truly terrible weapon, it drains the life of any living foe it strikes.
   rC:        It makes you vulnerable to cold.
   rN:        It protects you from negative energy.
   Will:      It greatly increases your willpower.
Missiles
 p - a throwing net
Armour
 a - the +2 pair of gloves of the Lich-sworn (worn) {Harm Drain rCorr Int+6}
   (You acquired it on level 4 of the Dungeon)

   Int:       It affects your intelligence (+6).
   rCorr:     It protects you from acid and corrosion.
   Drain:     It drains your maximum health when unequipped.
   Harm:      It increases damage dealt and taken.
 c - a +1 cloak (worn)
 g - a +0 leather armour (worn)
Jewellery
 n - a +4 ring of protection (left hand)
 q - an amulet of faith (around neck)
 D - a ring of willpower (right hand)
Wands
 k - a wand of polymorph (22)
 r - a wand of flame (35)
 u - a wand of digging (9)
 y - a wand of mindburst (3)
 z - a wand of iceblast (1)
 B - a wand of paralysis (3)
Scrolls
 e - 2 scrolls of fog
 t - 3 scrolls of identify
 v - a scroll of fear
 w - 3 scrolls of teleportation
 x - a scroll of summoning
 C - a scroll of enchant weapon
Potions
 b - 3 potions of cancellation
 d - 2 potions of brilliance
 f - 4 potions of lignification
 h - 6 potions of heal wounds
 j - a potion of haste
 l - a potion of might
 m - 5 potions of curing
 s - a potion of invisibility
 A - 2 potions of resistance
 E - 2 potions of attraction


   Skills:
 + Level 3.9 Fighting
 + Level 6.5 Armour
 + Level 8.1 Dodging
 + Level 5.0 Stealth
 + Level 12.2 Spellcasting
 * Level 4.1 Invocations
 + Level 1.4 Evocations


You had 6 spell levels left.
You knew the following spells:

 Your Spells              Type           Power      Damage    Failure   Level
a - Magic Dart            Conj           100%       1d8       1%          1
b - Searing Ray           Conj           100%       3d7       1%          2
c - Dazzling Flash        Conj/Hex       100%       N/A       1%          3
d - Fulminant Prism       Conj/Hex       39%        3d18      1%          4
e - Iskenderun's Mystic   Conj/Tloc      78%        2d16      1%          4
f - Foxfire               Conj/Fire      100%       2x1d9     1%          1
g - Corpse Rot            Necr/Air       N/A        N/A       1%          2
h - Teleport Other        Tloc           78%        N/A       1%          3
i - Animate Dead          Necr           39%        N/A       1%          4
j - Yara's Violent Unrav  Hex/Tmut       39%        3d16      1%          5
Your spell library was empty.

Dungeon Overview and Level Annotations

Branches:
Dungeon (12/15)            Temple (1/1) D:5            Lair (1/6) D:8
    Orc (2/2) D:9         Ossuary (visited)
    Elf: Orc:2

Altars:
Ashenzari
Cheibriados
Dithmenos
Elyvilon
Fedhas
Gozag
Hepliaklqana
Kikubaaqudgha
Makhleb
Nemelex Xobeh
Okawaru
Qazlal
Ru
Sif Muna
Trog
Uskayaw
Vehumet
Wu Jian
Xom
Yredelemnul
Zin
The Shining One
Beogh
Lugonu

Shops:
D:5 ?   D:6 !   Orc:1 !

Annotations:
Orc:2 Rupert


Innate Abilities, Weirdness & Mutations

You are immune to sickness and miasma.
You are immune to poison.
Your flesh is very heat resistant. (rF++)
You are vulnerable to cold. (rC-)
You float through the air rather than walking.
You learn spells naturally, not from books.
Your magical power is your life essence.
You have superior vitality. (+4 HP)
You have sharp fingernails.
You are agile. (Dex +2)
You possess an exceptional clarity of mind.


Message History

The searing ray hits the boulder beetle but does no damage.
The boulder beetle is lightly wounded. (Press . to maintain the ray.) Unknown command.
The searing ray hits the boulder beetle but does no damage.
The boulder beetle is lightly wounded.
The boulder beetle bites you but does no damage.
The searing ray hits the boulder beetle but does no damage.
The boulder beetle is lightly wounded.
The boulder beetle bites you!!
The searing ray hits the boulder beetle!
The boulder beetle is moderately wounded.
You finish channeling your searing ray.
The boulder beetle barely misses you.
Casting: Searing Ray (safe; 1% risk of failure)
Confirm with . or Enter, or press ? or * to list all spells.
Aiming: Searing Ray (safe; 1% risk of failure)
Press: ? - help, Shift-Dir - straight line, f/p - boulder beetle
Aim: a boulder beetle (moderately wounded, 100% to hit)
The searing ray hits the boulder beetle but does no damage.
The boulder beetle is moderately wounded. (Press . to maintain the ray.)
The boulder beetle bites you!
* * * LOW HITPOINT WARNING * * *
The searing ray hits the boulder beetle but does no damage.
The boulder beetle is lightly wounded.
* * * LOW HITPOINT WARNING * * *
The boulder beetle leaps!
Okay, then.
A vampire mosquito comes into view.
The vampire mosquito buzzes angrily.
You hear an angry buzzing noise.
The boulder beetle curls into a ball and begins rolling!
You hear an angry buzzing noise.
A vampire mosquito comes into view.
The vampire mosquito bites you but does no damage.
The vampire mosquito closely misses you.
The vampire mosquito bites you.
* * * LOW HITPOINT WARNING * * *
The boulder beetle hits you!!
Ouch! That really hurt!
You die...

###.### #......# ##.....##
#......# #.......# #.....#
..#.......#########...#
.....................[#
#..............°°y.....#
######......#.○y.....#.#
###.#.##.#By####..#.#
..#.#.#....@...#○...#
##.#.#.#..#<..#.#.B..#
###+#....#.#....#.#.#.#..##...
#......###.#.#......#...>.....#
#..........#.#.#..###..#....#.#
#.......####.#.........#....#
#.......#.......######.#.##.#
#....##...<..##.# #.### .#
........#.#.###. #.. #


You could see a boulder beetle (rolling) and 2 vampire mosquitoes.

Vanquished Creatures
  Sonja (D:10)
  An orc knight (D:11)
  An ugly thing (D:11)
  Maurice (D:10)
  9 centaur zombies
  A gargoyle (D:11)
  A rime drake (Lair:1)
  2 trolls
  13 slime creatures
  2 hornets
  16 yaks
  A basilisk (Lair:1)
  A wyvern (Lair:1)
  A wraith (D:11)
  Grum (D:10)
  4 steam dragons
  2 wargs
  Edmund (D:6)
  The ghost of flinch the Bolt Thrower, an amateur KoHu (D:4)
  Duvessa (D:6)
  2 water moccasins
  8 orc warriors
  2 sky beasts (D:6)
  A black bear (Lair:1)
  2 necrophages
  4 centaurs
  2 wolves (D:10)
  3 ogres
  A phantom (D:6)
  3 kobold brigands
  3 elf zombies (Ossuary)
  A scorpion (D:5)
  4 bullfrogs
  Dowan (D:6)
  5 killer bees (D:8)
  5 wights (D:9)
  3 hounds
  A jelly (D:6)
  Crazy Yiuf (D:6)
  2 gnoll shamans
  10 orc priests
  3 bullfrog skeletons
  2 bullfrog zombies
  4 iguanas
  A centaur skeleton (D:4)
  16 orc wizards
  A scorpion zombie (D:5)
  A killer bee zombie (D:6)
  3 hound zombies (Ossuary)
  3 mummies (Ossuary)
  2 howler monkey zombies
  3 howler monkey skeletons
  13 gnolls
  3 adders
  A white imp (D:7)
  4 adder zombies (Ossuary)
  3 adder skeletons
  A worm (D:3)
  4 dart slugs
  50 orcs
  4 bats
  7 endoplasms
  5 giant cockroaches
  A gnoll zombie (Ossuary)
  11 goblins
  5 hobgoblins
  7 jackals
  14 kobolds
  5 quokkas
  5 ball pythons
  3 frilled lizards
  2 goblin zombies (Ossuary)
  3 hobgoblin zombies (Ossuary)
  A jackal zombie (Ossuary)
  4 kobold zombies (Ossuary)
  An orc zombie (Ossuary)
  4 quokka zombies (Ossuary)
  5 rats
  5 rat zombies (Ossuary)
335 creatures vanquished.

Vanquished Creatures (others)
  3 foxfires (D:8)
  22 fulminant prisms
  3 fungi
  A lurking horror (D:5)
  3 plants (D:1)
32 creatures vanquished.

Grand Total: 367 creatures vanquished

Notes
Turn   | Place    | Note
-------+----------+-------------------------------------------
     0 | D:1      | Blejac999 the Djinni Conjurer began the quest for the Orb.
     0 | D:1      | Reached XP level 1. HP: 15/15 MP: 0/0
   292 | D:1      | Reached XP level 2. HP: 18/21 MP: 0/0
   429 | D:1      | Found a faded altar of an unknown god.
   938 | D:1      | Reached XP level 3. HP: 21/25 MP: 0/0
   938 | D:1      | Learned a level 1 spell: Foxfire
  1055 | D:1      | Gained mutation: You possess an exceptional clarity of
                  | mind. [potion of mutation]
  1055 | D:1      | Gained mutation: You are agile. (Dex +2) [potion of
                  | mutation]
  1055 | D:1      | Gained mutation: You have sharp fingernails. [potion of
                  | mutation]
  1522 | D:1      | Reached skill level 4 in Spellcasting
  1853 | D:2      | Reached XP level 4. HP: 24/31 MP: 0/0
  2710 | D:3      | Reached XP level 5. HP: 24/35 MP: 0/0
  2710 | D:3      | Learned a level 2 spell: Corpse Rot
  3771 | D:4      | Reached skill level 5 in Spellcasting
  3771 | D:4      | Reached XP level 6. HP: 23/40 MP: 0/0
  4471 | D:4      | Noticed an ogre
  4477 | D:4      | Noticed a necrophage
  4479 | D:4      | Killed an ogre
  4480 | D:4      | Reached XP level 7. HP: 20/46 MP: 0/0
  4480 | D:4      | Learned a level 3 spell: Teleport Other
  4722 | D:4      | Found a transporter.
  4724 | D:4      | Found a transporter.
  4726 | D:4      | Noticed flinch's ghost (amateur KoHu)
  5204 | D:4      | Identified a scroll of acquirement
  5204 | D:4      | Acquired the +2 pair of gloves of the Lich-sworn {Harm
                  | Drain rCorr Int+6}
  5231 | D:5      | Entered Level 5 of the Dungeon
  5236 | D:5      | Found a corrupted altar of Lugonu.
  5243 | D:5      | Reached skill level 6 in Spellcasting
  5601 | D:5      | Found a staircase to the Ecumenical Temple.
  5607 | Temple   | Entered the Ecumenical Temple
  5760 | Temple   | Became a worshipper of Makhleb the Destroyer
  5849 | D:5      | Found a hide-covered altar of Uskayaw.
  5865 | D:5      | Reached skill level 1 in Armour
  5944 | D:5      | Reached XP level 8. HP: 46/51 MP: 0/0
  5956 | D:5      | Reached skill level 1 in Fighting
  6066 | D:5      | Found Xyik's Magic Scroll Emporium.
  6150 | D:5      | Bought a scroll of blinking for 105 gold pieces
  6235 | D:6      | Noticed Duvessa
  6247 | D:6      | Killed Duvessa
  6620 | D:6      | Reached skill level 7 in Spellcasting
  6718 | D:6      | Noticed a hornet
  6725 | D:6      | Killed a hornet
  6726 | D:6      | Reached XP level 9. HP: 43/58 MP: 0/0
  6726 | D:6      | Learned a level 4 spell: Animate Dead
  6803 | D:6      | Found Ciyrr's Distillery.
  6811 | D:6      | Bought a potion of flight for 33 gold pieces
  6811 | D:6      | Bought a potion of curing for 33 gold pieces
  6811 | D:6      | Bought a potion of heal wounds for 55 gold pieces
  6837 | D:6      | Noticed Dowan
  6841 | D:6      | Killed Dowan
  7100 | D:6      | Noticed Edmund
  7103 | D:6      | Reached skill level 8 in Spellcasting
  7112 | D:6      | Killed Edmund
  7598 | D:6      | Reached * piety under Makhleb
  7987 | D:6      | Found a runed translucent door.
  7988 | D:6      | Noticed Crazy Yiuf
  8137 | D:6      | Killed Crazy Yiuf
  8144 | D:6      | Identified the +10 mace of Exquisite Torment {drain, rC-
                  | rN+ Will++}
  8319 | D:4      | Killed flinch's ghost
  8620 | D:7      | Reached XP level 10. HP: 62/65 MP: 0/0
  8781 | D:7      | Reached skill level 9 in Spellcasting
  8871 | D:7      | Reached skill level 5 in Armour
  9136 | D:7      | Reached skill level 5 in Dodging
  9622 | D:8      | Found a stormy altar of Qazlal.
  9809 | D:8      | Found a sand-covered staircase.
  9813 | Ossuary  | Entered an ossuary
  9867 | Ossuary  | Reached ** piety under Makhleb
 10420 | Ossuary  | Reached *** piety under Makhleb
 10589 | D:8      | Reached skill level 10 in Spellcasting
 10879 | D:8      | Found a staircase to the Lair.
 11128 | D:8      | Reached XP level 11. HP: 40/70 MP: 0/0
 11128 | D:8      | Learned a level 5 spell: Yara's Violent Unravelling
 11579 | D:8      | Found a bloodstained altar of Trog.
 11656 | Lair:1   | Entered Level 1 of the Lair of Beasts
 12169 | D:9      | Found a staircase to the Orcish Mines.
 12538 | D:9      | Reached **** piety under Makhleb
 12702 | D:9      | Reached skill level 11 in Spellcasting
 13046 | D:9      | Found a broken altar of Ashenzari.
 13279 | D:10     | Entered Level 10 of the Dungeon
 13331 | D:10     | Noticed Grum
 13337 | D:10     | Killed Grum
 13339 | D:10     | Reached skill level 1 in Invocations
 13706 | D:10     | Noticed Maurice
 14232 | D:11     | Reached XP level 12. HP: 70/76 MP: 0/0
 14741 | D:10     | Killed Maurice
 15147 | D:10     | Noticed Sonja
 15151 | D:10     | Killed Sonja
 15425 | D:11     | Reached skill level 12 in Spellcasting
 15767 | D:11     | Reached ***** piety under Makhleb
 16289 | D:11     | Reached skill level 1 in Evocations
 16531 | Orc:1    | Entered Level 1 of the Orcish Mines
 16547 | Orc:1    | Found Olul Redgh's Distillery.
 16554 | Orc:1    | Bought a potion of curing for 51 gold pieces
 16554 | Orc:1    | Bought a potion of heal wounds for 85 gold pieces
 16554 | Orc:1    | Bought a potion of lignification for 51 gold pieces
 16554 | Orc:1    | Bought a potion of heal wounds for 85 gold pieces
 16585 | Orc:1    | Reached skill level 5 in Stealth
 16912 | Orc:2    | Entered Level 2 of the Orcish Mines
 17035 | Orc:2    | Noticed Rupert
 17470 | D:12     | Noticed a boulder beetle
 17494 | D:12     | Annihilated by a boulder beetle

Illustrated notes

Levels and vault maps discovered:
D:1:      minmay_arrival_four_circles, layout_basic,
          dreamdust_ecumenical_altar_grove
D:2:      layout_rooms, minmay_misc_feat_plants
D:3:      layout_basic
D:4:      minmay_inner_zag, layout_cave_pools,
          mainiacjoe_overflow_surrounded_room, gammafunk_ghost_mausoleum
D:5:      layout_basic, mainiacjoe_overflow_small_starburst,
          minmay_temple_entry_tees, serial_shops, nicolae_inconvenience_store,
          amcnicky_altar_lugonu_corruption
D:6:      layout_loops_ring, serial_shops, shop, uniq_edmund,
          uniq_crazy_yiuf_cottage, uniq_duvessa
D:7:      cheibrodos_steamvent, layout_gridville, minmay_misc_feat_enclosed
D:8:      layout_loops_corners, nicolae_qazlal_style_of_elements,
          lemuel_crystal_altar, lightli_temple_of_fire, lair_entry_dummy,
          nicolae_ossuary_entry_plus, kennysheep_generic_room_8
D:9:      layout_loops_cross, nicolae_ashenzari_skybound,
          minmay_orc_entry_temple_small
D:10:     layout_loops_corners, uniq_sonja, uniq_grum, uniq_maurice
D:11:     layout_grid_maze, special_room [special_room_orc],
          minmay_misc_feat_tower
D:12:     minmay_curly_fans, layout_basic, onia_ninara_dug_in_and_dangerous,
          uniq_fannar
Temple:   nicolae_temple_elliptical
Lair:1:   layout_hall_layers, portal_ice_cave_rime, lemuel_fruit_tree
Orc:1:    nicolae_orc_accident_3, layout_caves, serial_shops, nicolae_shop_trees
Orc:2:    st_orc_open, layout_caves, uniq_rupert, uniq_saint_roka, uniq_erolcha

Skill      XL: |  1  2  3  4  5  6  7  8  9 10 11 12 |
---------------+-------------------------------------+-----
Spellcasting   | 4 5 6 7 8 10 11 12 | 12.2
Stealth        | 2 3 4 5 |  5.0
Armour         | 1 3 4 5 6 |  6.5
Dodging        | 3 4 5 7 8 |  8.1
Fighting       | 1 2 3 |  3.9
Invocations    | 2 4 |  4.1
Evocations     | 1 |  1.4

Action                   |  1- 3 |  4- 6 |  7- 9 | 10-12 || total
-------------------------+-------+-------+-------+-------++-------
 Cast: Magic Dart        |    67 |   142 |   128 |   419 ||   756
       Searing Ray       |       |     6 |    29 |    98 ||   133
       Foxfire           |       |       |       |     3 ||     3
       Corpse Rot        |       |       |       |     1 ||     1
       Fulminant Prism   |       |       |       |    22 ||    22
Evoke: Wand              |       |       |       |     6 ||     6
  Use: Potion            |     3 |       |       |     2 ||     5
       Scroll            |       |     5 |    12 |     8 ||    25
Armor: Robe              |     3 |       |       |       ||     3
       Leather armour    |       |     1 |    46 |   136 ||   183
       Skin              |       |       |       |    15 ||    15
Dodge: Dodged            |     4 |    12 |    49 |   198 ||   263

Table legend: (Time is in decaauts)
 A = Elapsed time spent in this place.
 B = Non-inter-level travel time spent in this place.
 C = Inter-level travel time spent in this place.
 D = Time resting spent in this place.
 E = Time spent auto-exploring this place.
 F = Levels seen in this place.
 G = Mean time per level.
                   A        B        C        D        E       F      G
               +--------+--------+--------+--------+--------+-----+--------+
         Total |  17491 |  16827 |    664 |   3838 |  10178 |  17 | 1028.9 |
       Dungeon |  15944 |  15302 |    642 |   3638 |   9312 |  12 | 1328.7 |
        Temple |    189 |    168 |     21 |      0 |    136 |   1 |  189.0 |
          Lair |    243 |    243 |      0 |     61 |     80 |   1 |  243.0 |
  Orcish Mines |    386 |    386 |      0 |     31 |    225 |   2 |  193.0 |
       Ossuary |    727 |    727 |      0 |    108 |    425 |   1 |  727.0 |
               +--------+--------+--------+--------+--------+-----+--------+

Top non-repeatable levels by time:
     D:4: 2025 daAuts
    D:11: 1885 daAuts
     D:6: 1681 daAuts
     D:9: 1645 daAuts
     D:1: 1612 daAuts
     D:8: 1598 daAuts
    D:10: 1337 daAuts
     D:3: 1269 daAuts
     D:7: 1108 daAuts
     D:5: 1007 daAuts
 Ossuary: 727 daAuts
     D:2: 656 daAuts
  Lair:1: 243 daAuts
   Orc:1: 226 daAuts
  Temple: 189 daAuts
